 Dungeon Crawl Stone Soup version 0.27-a0-1144-g0b7d3b79db (webtiles) character file.

Game seed: 3585226783743340683

2 neco the Firebug (level 1, 0/11 HPs)
             Began as an Octopode Fire Elementalist on May 10, 2021.
             Was a Follower of Nemelex Xobeh.
             Slain by a jackal (1 damage)
             ... on level 1 of the Dungeon.
             The game lasted 00:11:39 (505 turns).

neco the Firebug (Octopode Fire Elementalist)        Turns: 505, Time: 00:11:39

Health: 0/11       AC:  1    Str:  7    XL:     1   Next: 40%
Magic:  2/3        EV: 13    Int: 17    God:    Nemelex Xobeh [*.....]
Gold:   0          SH:  0    Dex: 12    Spells: 3/4 levels left

rFire    . . .     SeeInvis .   (no weapon)
rCold    . . .     Faith    .   (no shield)
rNeg     . . .     Spirit   .   (helmet restricted)
rPois    .         Reflect  .   (no amulet)
rElec    .         Harm     .   (no ring)
rCorr    .         Rampage  .   (no ring)
Will     .....                  (no ring)
Stlth    +++.......             (no ring)
HPRegen  0.03/turn              (no ring)
MPRegen  0.08/turn              (no ring)
                                (no ring)
                                (no ring)

@: brilliant
A: almost no armour, amphibious, 8 rings, camouflage 1, gelatinous body 1,
(nimble swimmer 1), tentacles
a: Renounce Religion, Draw Escape, Draw Destruction, Draw Summoning


You were on level 1 of the Dungeon.
You worshipped Nemelex Xobeh.
Nemelex Xobeh was aware of your devotion.
You visited 1 branch of the dungeon, and saw 1 of its levels.

Inventory:

Missiles
 b - 30 stones
Armour
 c - a +0 robe


   Skills:
 + Level 2.0 Dodging
 + Level 2.6 Stealth
 + Level 2.0 Spellcasting
 + Level 1.0 Conjurations
 + Level 3.1 Fire Magic


You had 3 spell levels left.
You knew the following spells:

 Your Spells              Type           Power      Damage    Failure   Level
a - Foxfire               Conj/Fire      52%        2x1d6     9%          1

Your spell library contained the following spells:

 Spells                   Type           Power      Damage    Failure   Level
 Conjure Flame            Conj/Fire      13%        6-21      26%         3
 Inner Flame              Hex/Fire       10%        N/A       30%         3
 Sticky Flame             Conj/Fire      13%        2d4       63%         4
 Fireball                 Conj/Fire      6%         3d5       93%         5


Dungeon Overview and Level Annotations

Branches:
Dungeon (1/15)

Altars:
Nemelex Xobeh

Shops:
D:1 [


Innate Abilities, Weirdness & Mutations

You cannot wear most types of armour.
You are amphibious.
You can wear up to eight rings at the same time.
Your skin changes colour to match your surroundings (Stealth+).
Your rubbery body absorbs attacks. (AC +1, EV +1)
((You are camouflaged near water. (Stealth+)))
You have tentacles for arms and can constrict up to eight enemies at once.


Message History

You kill the jackal!
The jackal bites you but does no damage.
The jackal bites you.
You tentacle-slap the rat. You grab the rat. Your squeeze misses the rat.
The rat is moderately wounded.
You constrict the rat. The jackal bites you. The jackal barely misses you.
The rat barely misses you.
You are too injured to fight recklessly!
You are too injured to fight recklessly!
You are too injured to fight recklessly!
You are too injured to fight recklessly!
You are too injured to fight recklessly!
You are too injured to fight recklessly!
You are too injured to fight recklessly!
You are too injured to fight recklessly!
You are too injured to fight recklessly!
You are too injured to fight recklessly!
You are too injured to fight recklessly!
It was a potion of brilliance.
You feel clever all of a sudden.
You constrict the rat.
You kill the rat!
The jackal closely misses you. The jackal bites you.
* * * LOW HITPOINT WARNING * * *
The jackal bites you.
* * * LOW HITPOINT WARNING * * *
Unknown command.
Casting: Foxfire (safe; 9% risk of failure)
Confirm with . or Enter, or press ? or * to list all spells.
You feel a surge of power!
You conjure some foxfire!
The jackal barely misses you. The jackal closely misses you.
The jackal misses you.
Your foxfire dissipates!
The foxfire hits the jackal.
The jackal is heavily wounded.
The jackal misses you. The jackal closely misses you.
The jackal barely misses you. The jackal bites you.
You die...
Your body glows slightly and disappears.

...##.#.#'#........#
∩....#........###.# #####
#..........#
#.####...#####
#...#........#
#....'........ ##J
#........########...#####
.. #...................# .
#...................#
#.....h.............#
#....†.h@..........##
.........#####............
.........# #.........?..
.........# ######...
###......# .. ######## .


You could see 2 jackals.

Vanquished Creatures
  A jackal (D:1)
  A frilled lizard (D:1)
  A rat (D:1)
3 creatures vanquished.

Vanquished Creatures (others)
  A foxfire (D:1)
1 creature vanquished.

Grand Total: 4 creatures vanquished

Notes
Turn   | Place    | Note
-------+----------+-------------------------------------------
     0 | D:1      | neco the Octopode Fire Elementalist began the quest for the
                  | Orb.
     0 | D:1      | Reached XP level 1. HP: 11/11 MP: 3/3
    95 | D:1      | Found a faded altar of an unknown god.
   343 | D:1      | Became a worshipper of Nemelex Xobeh the Trickster
   343 | D:1      | Reached * piety under Nemelex Xobeh
   343 | D:1      | Received a gift from Nemelex Xobeh
   479 | D:1      | Found Ejyvaunu's Armour Shop.
   505 | D:1      | Slain by a jackal

Illustrated notes

Levels and vault maps discovered:
D:1:      mushboom_english_gardens, layout_basic,
          shapermc_ecumenical_altar_mp_highgroup, serial_shops, shop, shop,
          nicolae_shop_crystal, grunt_decor_junction

Action                   || total
-------------------------++-------
Melee: Unarmed           ||    11
       Constrict         ||     2
       Tentacles         ||     2
 Cast: Foxfire           ||     1
  Use: Potion            ||     1
Armor: Skin              ||     1
Dodge: Dodged            ||    17

Table legend: (Time is in decaauts)
 A = Elapsed time spent in this place.
 B = Non-inter-level travel time spent in this place.
 C = Inter-level travel time spent in this place.
 D = Time resting spent in this place.
 E = Time spent auto-exploring this place.
 F = Levels seen in this place.
 G = Mean time per level.
                   A        B        C        D        E       F      G
               +--------+--------+--------+--------+--------+-----+--------+
         Total |    505 |    505 |      0 |      0 |      0 |   1 |  505.0 |
       Dungeon |    505 |    505 |      0 |      0 |      0 |   1 |  505.0 |
               +--------+--------+--------+--------+--------+-----+--------+

Top non-repeatable levels by time:
     D:1: 505 daAuts
